 Dungeon Crawl Stone Soup version 0.21.1-1-g345015fe64 (webtiles) character file.

3313 Gargoyl the Schismatic (level 9, -1/74 HPs)
             Began as a Centaur Abyssal Knight on Feb 13, 2018.
             Was an Elder of Lugonu.
             Slain by an ogre
             ... wielding a +0 giant spiked club
              (21 damage)
             ... on level 8 of the Dungeon.
             The game lasted 00:16:01 (9277 turns).

Gargoyl the Schismatic (Centaur Abyssal Knight)     Turns: 9277, Time: 00:16:02

Health: -1/74      AC: 10    Str: 17    XL:     9   Next: 70%
Magic:  13/13      EV:  4    Int: 11    God:    Lugonu [****..]
Gold:   337        SH:  0    Dex: 11    Spells: 8/8 levels left

rFire    . . .     SeeInvis +   i - +2 halberd (vamp)
rCold    . . .     Gourm    .   (shield currently unavailable)
rNeg     . . .     Faith    .   v - +0 plate armour
rPois    .         Spirit   .   (no helmet)
rElec    .         Reflect  .   (no cloak)
rCorr    .         Harm     .   (no gloves)
MR       .....                  (no barding)
Stlth    ..........             (no amulet)
HPRegen  0.22/turn              j - +3 ring of dexterity
MPRegen  0.13/turn              l - ring of see invisible

@: very quick
A: large, hooves 3, clumsy 1, deformed body, speed 2, tough skin 3, wild magic 1
a: Depart the Abyss, Bend Space, Banish, Corrupt, Renounce Religion


You were on level 8 of the Dungeon.
You worshipped Lugonu.
Lugonu was greatly pleased with you.
You were very hungry.

You visited 1 branch of the dungeon, and saw 8 of its levels.
You visited the Abyss 1 time.

You collected 337 gold pieces.

Inventory:

Hand Weapons
 a - a +1 hand axe
 i - a +2 vampiric halberd (weapon)
 u - a +2 trident of piercing
Missiles
 f - a javelin (quivered)
Armour
 d - a +0 buckler
 v - a +0 plate armour (worn)
Jewellery
 j - a +3 ring of dexterity (left hand)
 l - a ring of see invisible (right hand)
 s - an uncursed ring of resist corrosion
 C - an uncursed ring of magical power {unknown}
 G - a cursed ring of flight {unknown}
Wands
 q - a wand of random effects (28)
Scrolls
 e - 3 scrolls of fear
 g - 2 scrolls of fog
 h - 3 scrolls of identify
 k - 3 scrolls of remove curse
 m - 2 scrolls of magic mapping
 r - 2 scrolls of teleportation
 y - 2 scrolls of noise {unknown}
 B - a scroll of vulnerability {unknown}
 D - a scroll of enchant armour
Potions
 b - 2 potions of degeneration {unknown}
 n - a potion of resistance
 o - a potion of berserk rage
 p - a potion of heal wounds
 t - 5 potions of curing
 w - a potion of lignification {unknown}
 A - a potion of haste {unknown}
 E - a potion of might {unknown}
Books
 x - a book of Death

   Spells                             Type                      Level
   a - Corpse Rot                     Necromancy                   2
   b - Sublimation of Blood           Necromancy                   2
   c - Agony                          Necromancy                   5
   d - Dispel Undead                  Necromancy                   5
   e - Excruciating Wounds            Charms/Necromancy            5
   f - Bolt of Draining               Conjuration/Necromancy       5
 z - a book of Air

   Spells                             Type                      Level
   a - Shock                          Conjuration/Air              1
   b - Swiftness                      Charms/Air                   2
   c - Static Discharge               Conjuration/Air              3
   d - Airstrike                      Air                          4
   e - Lightning Bolt                 Conjuration/Air              5
 H - a book of Changes

   Spells                             Type                      Level
   a - Beastly Appendage              Transmutation                1
   b - Sticks to Snakes               Transmutation                2
   c - Spider Form                    Transmutation/Poison         3
   d - Ice Form                       Ice/Transmutation            4
   e - Blade Hands                    Transmutation                5
Comestibles
 c - 15 rations


   Skills:
 + Level 5.5 Fighting
 + Level 4.7(6.0) Axes
 + Level 5.5(6.3) Polearms
 + Level 1.4 Throwing
 * Level 6.2 Armour
 + Level 1.8 Dodging
 + Level 1.0 Shields
 * Level 6.2 Invocations


You had 8 spell levels left.
You didn't know any spells.

Dungeon Overview and Level Annotations

Branches:
Dungeon (8/15)             Temple (0/1) D:6
   Lair: D:8-11

Altars:
Cheibriados
Elyvilon
Makhleb
Nemelex Xobeh
Qazlal
Trog
Uskayaw
Vehumet
Xom


Innate Abilities, Weirdness & Mutations

You have hooves in place of feet.
Armour fits poorly on your strangely shaped body.
You cover ground very quickly.
You have extremely tough skin. (AC +3)
You are clumsy. (Dex -2)
Your spells are a little harder to cast, but a little more powerful.


Message History

The black bear is almost dead.
The black bear bites you but does no damage.
The black bear claws you but does no damage. x2
You puncture the black bear!
You kill the black bear!
Lugonu accepts your kill.
Your life force feels restored.
You barely miss the ogre. You kick the ogre.
The ogre is lightly wounded.
The ogre hits you but does no damage.
You slash the ogre!
The ogre is severely wounded.
The ogre hits you with a giant spiked club!
* * * LOW HITPOINT WARNING * * *
A jackal comes into view.
The jackal barks!
Your plate armour prevents you from hitting the ogre.
The ogre is severely wounded.
The ogre hits you with a giant spiked club!!
You die...

#####.(######.....#
#........####.#
########...####.#
#.# ..<.....<.#.#
#.####.###
########.#.##
#........# ##.##
######.#.# ## #.#.#
###########.#..
.....$.@Ozh.####
##########(.# #..#
#z$# #.z# #..##
#.(.# #.#O# #.#)#


You could see an ogre, a wight and a jackal.

Vanquished Creatures
  Pikel (D:6)
  Prince Ribbit (D:5)
  3 ice beasts
  A black bear (D:8)
  A sky beast (D:5)
  2 phantoms
  3 ogres
  2 centaurs
  A bullfrog (D:6)
  A wyvern zombie (D:7)
  5 killer bees (D:7)
  A scorpion (D:7)
  2 wights (D:8)
  3 crimson imps
  A centaur zombie (D:7)
  2 howler monkeys
  3 hounds
  2 bullfrog zombies
  2 jellies
  2 bullfrog skeletons
  An orc priest (D:3)
  A centaur skeleton (D:4)
  An iguana (D:8)
  An orc wizard (D:4)
  7 worker ants
  2 killer bee zombies
  A hound zombie (D:6)
  A worker ant zombie (D:6)
  12 gnolls
  7 adders
  2 shadow imps
  2 adder zombies (D:6)
  4 worms
  6 dart slugs
  5 leopard geckos
  12 orcs
  3 giant cockroaches
  3 goblins
  3 hobgoblins
  6 jackals
  9 kobolds
  A quokka (D:8)
  3 ball pythons
  9 bats
  5 frilled lizards
  A jackal skeleton (D:5)
  A jackal zombie (D:6)
  10 rats
158 creatures vanquished.

Vanquished Creatures (others)
  3 slaves (D:6)
  A phantom (D:5)
  A bullfrog skeleton (D:6)
  A gnoll shaman (D:6)
  2 hounds (D:6)
  A gnoll (D:6)
  A giant cockroach (D:6)
  A jackal skeleton (D:6)
11 creatures vanquished.

Grand Total: 169 creatures vanquished

Notes
Turn   | Place    | Note
-------+----------+-------------------------------------------
     0 | Abyss:1  | Gargoyl the Centaur Abyssal Knight began the quest for the Orb.
     0 | Abyss:1  | Reached XP level 1. HP: 19/19 MP: 2/2
    45 | Abyss:1  | Noticed a small abomination
    48 | Abyss:1  | Noticed a large abomination
    63 | Abyss:1  | Noticed a kobold demonologist
    64 | Abyss:1  | Noticed a sixfirhy
    69 | Abyss:1  | Noticed a small abomination
    69 | Abyss:1  | Noticed a shadow demon
    69 | D:1      | Escaped the Abyss
   426 | D:1      | Reached * piety under Lugonu
   521 | D:1      | Reached XP level 2. HP: 24/26 MP: 3/3
  1015 | D:1      | Reached XP level 3. HP: 23/31 MP: 4/4
  1371 | D:2      | Reached skill level 1 in Dodging
  1529 | D:2      | Reached ** piety under Lugonu
  1760 | D:2      | Reached XP level 4. HP: 15/38 MP: 5/5
  2372 | D:2      | Found a shimmering altar of Xom.
  2470 | D:2      | Gained mutation: You are clumsy. (Dex -2) [potion of mutation]
  2470 | D:2      | Gained mutation: Your spells are a little harder to cast, but a little more powerful. [potion of mutation]
  2558 | D:2      | Found a sparkling altar of Nemelex Xobeh.
  2714 | D:3      | Found a snail-covered altar of Cheibriados.
  3200 | D:3      | Found a white marble altar of Elyvilon.
  3295 | D:3      | Reached XP level 5. HP: 38/45 MP: 6/6
  3368 | D:3      | Found a stormy altar of Qazlal.
  3369 | D:3      | Found a hide-covered altar of Uskayaw.
  3503 | D:3      | You fall through a shaft for 3 floors!
  3523 | D:5      | Entered Level 5 of the Dungeon
  3524 | D:5      | Noticed Prince Ribbit
  3525 | D:5      | Noticed an ogre
  3551 | D:6      | Noticed a phantom
  3571 | D:6      | Killed a phantom
  3571 | D:6      | Reached XP level 6. HP: 22/52 MP: 8/8
  3610 | D:6      | Reached *** piety under Lugonu
  3634 | D:6      | Reached XP level 7. HP: 28/59 MP: 9/9
  3968 | D:6      | Noticed Pikel
  3987 | D:6      | Killed Pikel
  3987 | D:6      | Reached skill level 1 in Polearms
  3987 | D:6      | Reached skill level 1 in Throwing
  3987 | D:6      | Reached skill level 1 in Shields
  3987 | D:6      | Reached XP level 8. HP: 20/67 MP: 9/11
  4265 | D:5      | HP: 1/67 [Prince Ribbit (13)]
  4711 | D:5      | Killed Prince Ribbit
  5663 | D:4      | Reached skill level 5 in Invocations
  5893 | D:4      | Reached **** piety under Lugonu
  6109 | D:5      | Reached skill level 5 in Armour
  6345 | D:5      | Reached XP level 9. HP: 62/73 MP: 13/13
  6470 | D:5      | Reached skill level 5 in Fighting
  7353 | D:6      | Found a staircase to the Ecumenical Temple.
  8181 | D:7      | Found a bloodstained altar of Trog.
  8354 | D:7      | Reached skill level 5 in Polearms
  8687 | D:7      | Found a burning altar of Makhleb.
  8687 | D:7      | Found a radiant altar of Vehumet.
  9277 | D:8      | Slain by an ogre

Skill      XL: |  1  2  3  4  5  6  7  8  9 |
---------------+----------------------------+-----
Axes           | 2 3 4 |  4.7
Dodging        | 1 |  1.8
Armour         | 2 3 4 5 6 |  6.2
Invocations    | 3 4 5 6 |  6.2
Fighting       | 4 5 |  5.5
Polearms       | 1 3 5 |  5.5
Throwing       | 1 |  1.4
Shields        | 1 |  1.0

Action                   |  1- 3 |  4- 6 |  7- 9 || total
-------------------------+-------+-------+-------++-------
Melee: Hand axe          |   103 |   162 |    56 ||   321
       Kick              |    14 |    44 |    89 ||   147
       Halberd           |       |       |   330 ||   330
Throw: Javelin           |       |     7 |     8 ||    15
Invok: Depart the Abyss  |     1 |       |       ||     1
       Bend Space        |       |     1 |     1 ||     2
       Banish            |       |       |     2 ||     2
  Use: Scroll            |       |     7 |     8 ||    15
       Potion            |       |     4 |     2 ||     6
 Stab: Invisible         |     1 |       |       ||     1
  Eat: Chunk             |     1 |     2 |    14 ||    17
       Ration            |       |     1 |     2 ||     3
Armor: Leather armour    |    11 |       |       ||    11
       Ring mail         |    78 |    10 |       ||    88
       Chain mail        |       |    88 |   119 ||   207
       Plate armour      |       |       |   193 ||   193
Dodge: Dodged            |    51 |    45 |    87 ||   183
Block: Buckler           |    14 |    17 |    10 ||    41
